AoeStats
← 5coinz

Arabia

510229921Analyzed
1v1 RM · 1d ago on Sep 30, 2026· 32m 40s· 2 players
Game mode
Random Map
Map size
Tiny (2 player)
Population
200
Speed
Normal
Resources
Standard
Victory
Conquest
Starting age
Dark Age
Ending age
Imperial Age
RankedLock teamsTeams togetherTeam positionsShared explorationLock speedFull tech treeHidden civsTurbo modeCheats
Victory
Defeat
🇧🇬 Bulgarians · Bulgaria
538
+15
🇲🇽 Huns · Mexico
512
-15
Leyendhero
10:30 Feudal Age
21:41 Castle Age
5coinz
10:40 Feudal Age
19:48 Bloodlines
20:15 Double-Bit Axe
21:07 Wheelbarrow
20:19 Horse Collar
22:05 Forging
27:19 Castle Age
29:05 Hand Cart
29:14 Husbandry
30:03 Pikeman
Connection lost

Rejoining the realm…

Still unreachable

The connection could not be restored.

Session expired

The server has moved on; the page needs a fresh start.